AoeStats
← ITZ | AutocavS

Hideout

509376308Analyzed
1v1 RM · 7d ago on Sep 26, 2026· 26m 3s· 2 players
Game mode
Random Map
Map size
Tiny (2 player)
Population
200
Speed
Normal
Resources
Standard
Victory
Conquest
Starting age
Dark Age
Ending age
Imperial Age
RankedLock teamsTeams togetherTeam positionsShared explorationLock speedFull tech treeHidden civsTurbo modeCheats
Victory
Defeat
🇪🇸 Lithuanians · Spain
1461
+16
🇦🇷 Magyars · Argentina
1467
-16
ÉoMeR
10:21 Feudal Age
14:21 Castle Age
12:18 Horse Collar
12:26 Double-Bit Axe
12:59 Stone Mining
14:11 Town Watch
15:24 Bow Saw
23:11 Gold Mining
23:53 Horse Collar
25:06 Heavy Plow
26:14 Wheelbarrow
25:40 Town Patrol
ITZ | AutocavS
Connection lost

Rejoining the realm…

Still unreachable

The connection could not be restored.

Session expired

The server has moved on; the page needs a fresh start.